 Dungeon Crawl Stone Soup version 0.30-a0-322-g102857c98e (webtiles) character file.

Game seed: 9384059651830356123

392 Zonian the Ducker (level 7, -2/45 HPs)
             Began as a Djinni Ice Elementalist on Oct 27, 2022.
             Slain by a gnoll bouda
             ... wielding a +0 whip
              (8 damage)
             ... on level 5 of the Dungeon on Oct 28, 2022.
             The game lasted 00:06:40 (4861 turns).

Zonian the Ducker (Djinni Ice Elementalist)         Turns: 4861, Time: 00:06:41

Health: -2/45      AC:  2    Str:  7    XL:     7   Next: 8%
Gold:   194        EV: 13    Int: 19    God:
                   SH:  0    Dex: 13

rFire   + + .      SeeInvis +    o - +2 dagger (venom)
rCold   x . .      Faith    .    (no shield)
rNeg    . . .      Spirit   .    a - +0 robe
rPois   ∞          Reflect  .    (no helmet)
rElec   .          Harm     .    (no cloak)
rCorr   .          Rampage  .    (no gloves)
Will    .....                    (boots unavailable)
Stlth   ++........               (no amulet)
HPRegen 0.27/turn                k - ring of see invisible
MPRegen 0.00/turn                (no ring)

@: freezing walls, flying
A: sickness immunity, fire resistance 2, cold vulnerability 1, float, innate
caster, HP casting, extra vitality 1
a: no special abilities


You were on level 5 of the Dungeon.
You visited 1 branch of the dungeon, and saw 5 of its levels.

You collected 194 gold pieces.

Inventory:

Hand Weapons
 b - a +0 dagger of flaming
 n - a +0 whip of electrocution
 o - a +2 dagger of venom (weapon)
Missiles
 g - 12 poisoned darts
Armour
 a - a +0 robe (worn)
 d - a +0 helmet
 u - a +0 pair of gloves
Jewellery
 k - a ring of see invisible (left hand)
Wands
 w - a wand of mindburst (20)
 A - a wand of light (6)
Scrolls
 c - 2 scrolls of vulnerability
 j - a scroll of poison {unknown}
 m - 2 scrolls of fog
 r - 3 scrolls of teleportation {unknown}
 s - a scroll of enchant weapon {unknown}
 v - a scroll of acquirement {unknown}
 y - a scroll of noise {unknown}
Potions
 e - a potion of haste
 f - a potion of resistance {unknown}
 h - a potion of invisibility {unknown}
 i - 2 potions of degeneration
 l - a potion of might {unknown}
 p - a potion of lignification {unknown}
 q - a potion of curing
 t - a potion of cancellation {unknown}
 x - 2 potions of heal wounds
 z - a potion of flight {unknown}


   Skills:
 + Level 4.7 Dodging
 + Level 3.8 Stealth
 + Level 4.4 Spellcasting


You couldn't memorise any spells.
You knew the following spells:

 Your Spells              Type           Power      Damage    Failure   Level
a - Freeze                Ice            84%        1d9       2%          1
b - Frozen Ramparts       Ice            42%        1d7       6%          3
c - Ozocubu's Armour      Ice            21%        N/A       6%          3
d - Summon Ice Beast      Ice/Summ       21%        N/A       22%         4
e - Sting                 Tmut/Pois      84%        1d7       2%          1
f - Passwall              Tmut/Erth      17%        N/A       3%          2
g - Ensorcelled Hibernat  Hex/Ice        42%        N/A       3%          2
Your spell library was empty.

Dungeon Overview and Level Annotations

Branches:
Dungeon (5/15)
 Temple: D:4-7

Altars:
Makhleb


Innate Abilities, Weirdness & Mutations

You are immune to sickness and miasma.
You are immune to poison.
Your flesh is very heat resistant. (rF++)
You are vulnerable to cold. (rC-)
You float through the air rather than walking.
You learn spells naturally, not from books.
Your magical power is your life essence.
You have superior vitality. (+4 MHP)


Message History

The wall freezes the howler monkey.
The howler monkey barely misses you.
A gnoll bouda comes into view. It is wielding a +0 whip.
Unknown command.
You hit the orc but do no damage.
The orc is moderately wounded.
The wall freezes the orc but does no damage.
The orc hits you with a +0 mace.
The wall freezes the howler monkey but does no damage.
The howler monkey completely misses you.
The wall freezes the orc priest.
The wall freezes the gnoll bouda.
You hit the orc but do no damage.
The orc is poisoned.
The orc is moderately wounded.
The wall freezes the howler monkey.
You kill the howler monkey!
The wall freezes the orc.
You kill the orc!
The wall freezes the orc priest.
The wall freezes the gnoll bouda but does no damage.
You hit the orc priest.
The orc priest is poisoned.
The orc priest is severely wounded.
The wall freezes the orc priest.
You kill the orc priest!
The wall freezes the gnoll bouda.
The gnoll bouda hits you with a +0 whip!
* * * LOW HITPOINT WARNING * * *
Your magical contamination has completely faded away.
You have reached level 7!
The power to cast Ensorcelled Hibernation wells up from within.
Spell assigned to 'g'.
You hit the gnoll bouda.
The gnoll bouda is poisoned.
The gnoll bouda is moderately wounded.
The wall freezes the gnoll bouda.
The gnoll bouda hits you with a +0 whip.
* * * LOW HITPOINT WARNING * * *
Unknown command.
You barely miss the gnoll bouda.
The gnoll bouda is heavily wounded.
The wall freezes the gnoll bouda.
The gnoll bouda hits you with a +0 whip!
You die...

♣.♣ #...# # ..
##..# #~ .. #...#
#~♣♣. ###.# #~~..
##.##
#''####.#.####..#
#......###......#
#.†)###.#.#####.#
###@# ##.## #g#
#.# #.# #.. .#.
..## # # #.# #.#
#.# #.#


You could see a gnoll bouda (very poisoned).

Vanquished Creatures
  A howler monkey (D:5)
  2 hounds
  2 orc priests
  2 iguanas (D:4)
  A gnoll (D:5)
  5 adders
  A worm (D:2)
  4 dart slugs
  19 orcs
  8 endoplasms
  3 giant cockroaches
  7 goblins
  7 hobgoblins
  3 jackals (D:2)
  2 quokkas
  9 ball pythons
  6 bats
  4 frilled lizards
  11 kobolds
  3 rats
100 creatures vanquished.

Notes
Turn   | Place    | Note
-------+----------+-------------------------------------------
     0 | D:1      | Zonian the Djinni Ice Elementalist began the quest for the
                  | Orb.
     0 | D:1      | Zonian set off with the following spells memorised: Freeze,
                  | Frozen Ramparts, Ozocubu's Armour, Summon Ice Beast.
     0 | D:1      | Reached XP level 1. HP: 15/15 MP: 0/0
    70 | D:1      | Found a faded altar of an unknown god.
   293 | D:1      | Reached XP level 2. HP: 10/21 MP: 0/0
  1093 | D:2      | Reached XP level 3. HP: 13/25 MP: 0/0
  1093 | D:2      | Learned a level 1 spell: Sting
  1297 | D:2      | Identified the +2 pair of boots of Miwk {rF- Str+5 Slay+2}
  1614 | D:3      | Reached XP level 4. HP: 13/31 MP: 0/0
  2170 | D:3      | Found a burning altar of Makhleb.
  2263 | D:3      | Reached XP level 5. HP: 35/35 MP: 0/0
  2263 | D:3      | Learned a level 2 spell: Passwall
  3434 | D:4      | Reached XP level 6. HP: 23/40 MP: 0/0
  3935 | D:5      | Entered Level 5 of the Dungeon
  4860 | D:5      | Reached XP level 7. HP: 8/45 MP: 0/0
  4860 | D:5      | Learned a level 2 spell: Ensorcelled Hibernation
  4861 | D:5      | Slain by a gnoll bouda

Illustrated notes

Levels and vault maps discovered:
D:1:      dpeg_arrival_stonehenge_8_columns, layout_basic,
          shapermc_ecumenical_altar_venn
D:2:      layout_basic, minmay_octomino_j4
D:3:      minmay_octagon_keep, layout_basic, mainiacjoe_overflow_catwalk
D:4:      layout_loops_ring
D:5:      layout_loops_ring, kennysheep_generic_room_12, uniq_blork_the_orc

Skill      XL: |  1  2  3  4  5 |
---------------+----------------+-----
Stealth        | 2 3 |  3.8
Dodging        | 3 4 |  4.7
Spellcasting   | 4 |  4.4

Action                   |  1- 3 |  4- 6 |  7- 9 || total
-------------------------+-------+-------+-------++-------
Melee: Dagger            |    50 |    77 |     2 ||   129
       Punch             |     1 |       |       ||     1
 Cast: Freeze            |    34 |    70 |       ||   104
       Frozen Ramparts   |       |     2 |       ||     2
  Use: Scroll            |       |     6 |       ||     6
       Potion            |       |     1 |       ||     1
 Stab: Sleeping          |     4 |     4 |       ||     8
Armor: Robe              |    11 |    18 |       ||    29
Dodge: Dodged            |    59 |   101 |       ||   160

Table legend: (Time is in decaauts)
 A = Elapsed time spent in this place.
 B = Non-inter-level travel time spent in this place.
 C = Inter-level travel time spent in this place.
 D = Time resting spent in this place.
 E = Time spent auto-exploring this place.
 F = Levels seen in this place.
 G = Mean time per level.
                   A        B        C        D        E       F      G
               +--------+--------+--------+--------+--------+-----+--------+
         Total |   4858 |   4781 |     77 |   1390 |   2591 |   5 |  971.6 |
       Dungeon |   4858 |   4781 |     77 |   1390 |   2591 |   5 |  971.6 |
               +--------+--------+--------+--------+--------+-----+--------+

Top non-repeatable levels by time:
     D:3: 1555 daAuts
     D:5: 925 daAuts
     D:4: 919 daAuts
     D:2: 749 daAuts
     D:1: 708 daAuts
